 Dungeon Crawl Stone Soup version 0.25-a0-577-ga4619f4 (webtiles) character file.

Game seed: 6934777791677299469, levelgen mode: deterministic

1 15 the Caller (level 1, -1/13 HPs)
             Began as a Barachi Summoner on Mar 2, 2020.
             Slain by a giant cockroach (2 damage)
             ... on level 1 of the Dungeon.
             The game lasted 00:00:19 (43 turns).

15 the Caller (Barachi Summoner)                      Turns: 43, Time: 00:00:20

Health: -1/13      AC:  2    Str:  9    XL:     1   Next: 20%
Magic:  2/3        EV: 12    Int: 15    God:
Gold:   6          SH:  0    Dex: 12    Spells: 3/4 levels left

rFire    . . .     SeeInvis .   b - +0 short sword
rCold    . . .     Gourm    .   (no shield)
rNeg     . . .     Faith    .   a - +0 robe
rPois    .         Spirit   .   (no helmet)
rElec    .         Reflect  .   (no cloak)
rCorr    .         Harm     .   (no gloves)
MR       .....                  (no boots)
Stlth    ++........             (no amulet)
HPRegen  0.04/turn              (no ring)
MPRegen  0.08/turn              (no ring)

@: slow
A: +LOS, swims, slowness 1, strong legs 1
a: Hop


You were on level 1 of the Dungeon.
You were not hungry.

You visited 1 branch of the dungeon, and saw 1 of its levels.

You collected 6 gold pieces.

Inventory:

Hand Weapons
 b - a +0 short sword (weapon)
Armour
 a - a +0 robe (worn)
Comestibles
 c - a ration


   Skills:
 + Level 2.1 Dodging
 + Level 1.7 Stealth
 + Level 2.1 Spellcasting
 + Level 4.9 Summonings


You had 3 spell levels left.
You knew the following spells:

 Your Spells              Type           Power        Failure   Level  Hunger
a - Summon Small Mammal   Summ           ###.         3%          1    #......

Your spell library contained the following spells:

 Spells                   Type           Power        Failure   Level  Hunger
 Call Imp                 Summ           ###.....     4%          2    ###....
 Call Canine Familiar     Summ           ###.....     9%          3    ###....
 Summon Guardian Golem    Hex/Summ       #.......     24%         3    ###....
 Summon Ice Beast         Ice/Summ       #.......     61%         4    #####..
 Summon Lightning Spire   Summ/Air       #.......     61%         4    #####..


Dungeon Overview and Level Annotations

Branches:
Dungeon (1/15)

Altars:


Innate Abilities, Weirdness & Mutations

You can be seen from farther away. (+LOS)
You can swim through water.
You cover ground slowly.
You can hop short distances.


Message History

You are too injured to fight recklessly!
Casting: Summon Small Mammal (safe; 3% risk of failure)
Confirm with . or Enter, or press ? or * to list all spells.
The giant cockroach bites you.
* * * LOW HITPOINT WARNING * * *
The rat barely misses you. The giant cockroach bites you.
* * * LOW HITPOINT WARNING * * *
Your rat bites the giant cockroach but does no damage.
The giant cockroach bites you but does no damage.
You completely miss the giant cockroach.
The rat barely misses you.
Your rat bites the giant cockroach but does no damage.
The giant cockroach barely misses you.
You closely miss the giant cockroach. The rat bites you but does no damage.
The giant cockroach barely misses you.
Your rat bites the giant cockroach.
Unknown command.
You barely miss the giant cockroach.
The giant cockroach is heavily wounded.
The rat completely misses you. The giant cockroach bites you.
You die...

## #. .. #. .##. ...
.. ####.### #......
# #....r###.#
...####..s@..#
♣♣♣♣♣♣♣........r####
PP..PP♣...####..#
.P..PP♣...####..#
(.PP..♣.. ...#..#
...P..♣.#.##.#..#
P.<.PP♣.#.......#
PP...P♣.####....#
..P...♣.####..###


You could see a giant cockroach, a rat and a friendly rat.

Vanquished Creatures
  A kobold (D:1)
1 creature vanquished.

Notes
Turn   | Place    | Note
-------+----------+-------------------------------------------
     0 | D:1      | 15 the Barachi Summoner began the quest for the Orb.
     0 | D:1      | Reached XP level 1. HP: 13/13 MP: 3/3
    43 | D:1      | Slain by a giant cockroach

Levels and vault maps discovered:
D:1:      scummos_arrival_checkerplants, layout_basic

Action                   || total
-------------------------++-------
Melee: Unarmed           ||    10
       Short sword       ||     4
 Cast: Summon Small Mamm ||     1
Armor: Robe              ||     3
Dodge: Dodged            ||    15

Table legend:
 A = Non-vault XP
 B = Vault XP
 C = Vault XP percentage of total XP
 D = Non-vault monster count
 E = Vault monster count
 F = Vault count percentage of total count
                 A         B        C        D         E       F
            +---------+---------+-------+---------+---------+-------
      Total |       2 |       0 |   0.0 |       1 |       0 |   0.0
            +---------+---------+-------+---------+---------+-------
        D:1 |       2 |       0 |   0.0 |       1 |       0 |   0.0
            +---------+---------+-------+---------+---------+-------
